 Dungeon Crawl Stone Soup version 0.18.1-48-g4cf74bf (webtiles) character file.

109 lyrx the Chopper (level 4, -2/58 HPs)
             Began as a Hill Orc Berserker on Aug 23, 2016.
             Was a Priest of Trog.
             Killed by nerve-wracking pain
             ... invoked by Grinder
              (7 damage)
             ... on level 3 of the Dungeon.
             The game lasted 00:08:54 (1382 turns).

lyrx the Chopper (Hill Orc Berserker)               Turns: 1382, Time: 00:08:55

Health: -2/58      AC:  6    Str: 25    XL:     4   Next: 90%
Magic:  4/4        EV: 11    Int:  7    God:    Trog [***...]
Gold:   61         SH:  0    Dex: 10    Spells: 0 memorised, 3 levels left

rFire  . . .     SeeInvis .     a - +0 hand axe
rCold  . . .     Gourm    .     l - +0 ring mail
rNeg   . . .     Faith    .     (no shield)
rPois  .         Spirit   .     h - +0 helmet
rElec  .         Dismiss  .     (no cloak)
rCorr  .         Reflect  .     (no gloves)
SustAt .         Harm     .     (no boots)
MR     .....                    (no amulet)
Stlth  ..........               (no ring)
                                (no ring)

@: berserking (expiring), very quick, not resistant to hostile enchantments,
extremely unstealthy
A: no striking features
a: Berserk, Trog's Hand, Burn Spellbooks, Renounce Religion


You were on level 3 of the Dungeon.
You worshipped Trog.
Trog was most pleased with you.
You were not hungry.

You visited 1 branch of the dungeon, and saw 3 of its levels.

You collected 61 gold pieces.

Inventory:

Hand Weapons
 a - a +0 hand axe (weapon)
Missiles
 b - 18 arrows
 k - 23 bolts
Armour
 h - a +0 helmet (worn)
 l - a +0 ring mail (worn)
Scrolls
 e - a scroll of identify {unknown}
 f - a scroll of fog {unknown}
 g - 4 scrolls of remove curse {unknown}
 i - 2 scrolls of noise {unknown}
 n - a scroll of recharging {unknown}
 o - a scroll of enchant weapon {unknown}
 p - a scroll of magic mapping {unknown}
Potions
 d - 2 potions of heal wounds {unknown}
 q - a potion of degeneration {unknown}
 r - a potion of berserk rage {unknown}
 s - a potion of brilliance {unknown}
Comestibles
 c - 3 bread rations
 j - 5 chunks of flesh
 m - 3 fruits


   Skills:
 - Level 3.6 Fighting
 * Level 7.2 Axes
 - Level 2.1 Armour
 - Level 1.5 Dodging


You had 3 spell levels left.
You didn't know any spells.

Dungeon Overview and Level Annotations

Branches:
Dungeon (3/15)

Altars:

Annotations:
D:3 Grinder


Message History

Grinder is lightly wounded.
Grinder says, "FISH!"
Grinder gestures at you. You resist with significant effort.
You closely miss Grinder.
Grinder is lightly wounded.
You barely miss Grinder.
Grinder is lightly wounded.
Grinder completely misses you.
You slash Grinder!
Grinder is moderately wounded.
Grinder gestures at you. You resist with significant effort.
You barely miss Grinder.
Grinder is moderately wounded.
You slash Grinder!
Grinder is heavily wounded.
Grinder gestures at you. Pain shoots through your body!
You die...

#.##.. .
#.#### . #.#
#.# #.# #.#
#.#
##.##########
#....@5.....?
#############


You could see Grinder.

Vanquished Creatures
  3 adders
  3 oozes
  2 worms
  2 dart slugs (D:1)
  4 orcs (D:3)
  2 ball pythons (D:2)
  4 giant cockroaches
  6 hobgoblins
  11 kobolds
  A quokka (D:3)
  4 bats
  6 giant newts
  5 goblins
  3 rats
56 creatures vanquished.

Notes
Turn   | Place    | Note
--------------------------------------------------------------
     0 | D:1      | lyrx the Hill Orc Berserker began the quest for the Orb.
     0 | D:1      | Reached XP level 1. HP: 19/19 MP: 1/1
    68 | D:1      | Reached XP level 2. HP: 25/26 MP: 2/2
   194 | D:1      | Reached skill level 5 in Axes
   234 | D:1      | Reached XP level 3. HP: 11/31 MP: 3/3
   304 | D:1      | Reached ** piety under Trog
   543 | D:2      | Reached skill level 6 in Axes
   729 | D:2      | Reached XP level 4. HP: 39/39 MP: 4/4
  1134 | D:3      | Reached skill level 7 in Axes
  1201 | D:3      | Reached *** piety under Trog
  1362 | D:3      | Noticed Grinder
  1366 | D:3      | Paralysed by Grinder for 6 turns
  1382 | D:3      | Killed from afar by Grinder

Skill      XL: |  1  2  3  4 |
---------------+-------------+-----
Axes           | 5 6 7 |  7.2
Fighting       | |  3.6
Armour         | |  2.1
Dodging        | |  1.5

Action                   |  1- 3 |  4- 6 || total
-------------------------+-------+-------++-------
Melee: Hand axe          |    82 |    67 ||   149
Invok: Berserk           |     4 |     3 ||     7
  Eat: Chunk             |     4 |     3 ||     7
       Fruit             |       |     1 ||     1
Armor: Animal skin       |    19 |       ||    19
       Ring mail         |     2 |    23 ||    25
Dodge: Dodged            |    51 |    37 ||    88
